 Dungeon Crawl Stone Soup version 0.27-a0-1065-ge809cff456 (webtiles) character file.

Game seed: 16138277767416415765

150 Anon1729 the Skirmisher (level 5, -3/63 HPs)
             Began as a Demonspawn Berserker on Apr 23, 2021.
             Was a Believer of Trog.
             Slain by a sky beast (6 damage)
             ... on level 2 of the Dungeon.
             The game lasted 00:03:04 (2451 turns).

Anon1729 the Skirmisher (Demonspawn Berserker)      Turns: 2451, Time: 00:03:05

Health: -3/63      AC:  2    Str: 18    XL:     5   Next: 10%
Magic:  5/5        EV: 12    Int:  9    God:    Trog [**....]
Gold:   102        SH:  0    Dex: 12    Spells: 4/4 levels left

rFire    . . .     SeeInvis .   a - +0 hand axe
rCold    . . .     Faith    .   (no shield)
rNeg     . . .     Spirit   .   b - +0 animal skin
rPois    .         Reflect  .   (no helmet)
rElec    .         Harm     .   (no cloak)
rCorr    .         Rampage  .   (no gloves)
Will     .....                  (no boots)
Stlth    ..........             (no amulet)
HPRegen  0.20/turn              (no ring)
MPRegen  0.09/turn              (no ring)

@: berserking, very quick
A: demonic guardian 2, ignite blood 1
a: Renounce Religion, Berserk, Trog's Hand


You were on level 2 of the Dungeon.
You worshipped Trog.
Trog was pleased with you.
You visited 1 branch of the dungeon, and saw 2 of its levels.

You collected 102 gold pieces.

Inventory:

Hand Weapons
 a - a +0 hand axe (weapon)
Missiles
 k - 2 throwing nets
Armour
 b - a +0 animal skin (worn)
Wands
 i - a wand of polymorph (10)
 j - a wand of digging (1)
Scrolls
 d - a scroll of vulnerability {unknown}
 e - 3 scrolls of identify {unknown}
 f - a scroll of blinking {unknown}
 g - a scroll of magic mapping {unknown}
 h - a scroll of teleportation {unknown}
 l - 5 scrolls of amnesia {unknown}
 n - a scroll of immolation {unknown}
Potions
 c - a potion of curing {unknown}
 m - a potion of degeneration {unknown}
 o - a potion of lignification {unknown}


   Skills:
 + Level 3.9 Fighting
 + Level 3.4 Axes
 + Level 2.8 Armour
 + Level 2.9 Dodging


You had 4 spell levels left.
You didn't know any spells.
Your spell library was empty.

Dungeon Overview and Level Annotations

Branches:
Dungeon (2/15)

Altars:


Innate Abilities, Weirdness & Mutations

A demonic guardian rushes to your aid.
Your demonic aura sometimes causes spilled blood to erupt in flames


Message History

The sky beast barely misses your rust devil.
Your rust devil closely misses the sky beast.
The sky beast hits your rust devil but does no damage.
Your rust devil misses the sky beast.
The sky beast hits your rust devil. The sky beast shocks your rust devil.
Your rust devil resists.
Your rust devil barely misses the sky beast.
The sky beast hits your rust devil but does no damage.
Your rust devil hits the sky beast.
The sky beast seems to be corroded for longer.
Your rust devil disappears in a puff of smoke!
The sky beast flickers out of sight!
Deactivating autopickup; reactivate with Ctrl-A.
You miss something. Something completely misses you.
You closely miss something. Something hits you. Something shocks you.
* * * LOW HITPOINT WARNING * * *
A sky beast appears from thin air!
Reactivating autopickup.
The sky beast barely misses you.
A red film seems to cover your vision as you go berserk!
You feel yourself moving faster!
You feel mighty! The sky beast hits you. The sky beast shocks you.
* * * LOW HITPOINT WARNING * * *
You barely miss the sky beast.
The sky beast is severely wounded.
You barely miss the sky beast.
The sky beast is severely wounded.
The sky beast misses you.
You hit the sky beast.
The sky beast is almost dead.
The sky beast flickers out of sight!
Deactivating autopickup; reactivate with Ctrl-A.
Something hits you.
* * * LOW HITPOINT WARNING * * *
A demonic guardian appears!
Something shocks you.
* * * LOW HITPOINT WARNING * * *
You closely miss something. Something hits you.
* * * LOW HITPOINT WARNING * * *
Something shocks you.
You die...

##......## ##........##
#..........#
#..........#
#..........#
#..........#
###..........#
#.{≈........### ##
#####@#...........###.
##...4.#...........##..
#..#####...........##.#
###.## #..............#
###...#
#..........#....
#######...###
##........##....
.#......###
##......##.....
........##
###.##.##.#..#
.........# #.##.#......


You could see a friendly orange demon (summoned).

Vanquished Creatures
  Natasha (thrice) (D:2)
  3 adders (D:2)
  A worm (D:2)
  A dart slug (D:2)
  2 ball pythons (D:1)
  3 endoplasms
  3 giant cockroaches (D:1)
  A goblin (D:2)
  4 hobgoblins
  5 jackals (D:1)
  2 quokkas
  A bat (D:1)
  3 frilled lizards
  3 kobolds
  10 rats
45 creatures vanquished.

Vanquished Creatures (collateral kills)
  A hobgoblin (D:2)
  A bat (D:2)
2 creatures vanquished.

Grand Total: 47 creatures vanquished

Notes
Turn   | Place    | Note
-------+----------+-------------------------------------------
     0 | D:1      | Anon1729 the Demonspawn Berserker began the quest for the
                  | Orb.
     0 | D:1      | Reached XP level 1. HP: 18/18 MP: 1/1
     2 | D:1      | Noticed an electric eel
   137 | D:1      | Gained mutation: Your demonic aura sometimes causes spilled
                  | blood to erupt in flames [demonic ancestry]
   137 | D:1      | Reached XP level 2. HP: 9/24 MP: 2/2
  1060 | D:1      | Found a faded altar of an unknown god.
  1337 | D:2      | Reached XP level 3. HP: 29/29 MP: 3/3
  1439 | D:2      | Noticed Natasha
  1449 | D:2      | Killed Natasha
  1705 | D:2      | Reached ** piety under Trog
  1706 | D:2      | Gained mutation: A weak demonic guardian rushes to your
                  | aid. [demonic ancestry]
  1706 | D:2      | Reached XP level 4. HP: 20/35 MP: 4/4
  1913 | D:2      | Noticed Natasha
  1926 | D:2      | Killed Natasha
  1940 | D:2      | Noticed Natasha
  1949 | D:2      | Noticed a sky beast
  1969 | D:2      | Killed Natasha
  1970 | D:2      | Gained mutation: A demonic guardian rushes to your aid.
                  | [demonic ancestry]
  1970 | D:2      | Reached XP level 5. HP: 37/42 MP: 5/5
  2451 | D:2      | HP: 3/63 [something (3)]
  2451 | D:2      | Slain by a sky beast

Illustrated notes

Levels and vault maps discovered:
D:1:      arrival_aquarium_a, layout_rooms,
          shapermc_ecumenical_altar_mp_vishouse, serial_curves, eino_curves_04,
          eino_curves_02, minmay_tetromino_o4
D:2:      layout_rooms, minmay_puff, uniq_natasha

Skill      XL: |  1  2 |
---------------+-------+-----
Armour         | 2 |  2.8
Dodging        | 2 |  2.9
Axes           | 3 |  3.4
Fighting       | |  3.9

Action                   |  1- 3 |  4- 6 || total
-------------------------+-------+-------++-------
Melee: Hand axe          |    78 |    56 ||   134
Invok: Berserk           |     4 |     3 ||     7
 Stab: Sleeping          |     1 |     1 ||     2
Armor: Animal skin       |    12 |     8 ||    20
Dodge: Dodged            |    64 |    47 ||   111

Table legend: (Time is in decaauts)
 A = Elapsed time spent in this place.
 B = Non-inter-level travel time spent in this place.
 C = Inter-level travel time spent in this place.
 D = Time resting spent in this place.
 E = Time spent auto-exploring this place.
 F = Levels seen in this place.
 G = Mean time per level.
                   A        B        C        D        E       F      G
               +--------+--------+--------+--------+--------+-----+--------+
         Total |   2527 |   2483 |     44 |    586 |   1495 |   2 | 1263.5 |
       Dungeon |   2527 |   2483 |     44 |    586 |   1495 |   2 | 1263.5 |
               +--------+--------+--------+--------+--------+-----+--------+

Top non-repeatable levels by time:
     D:1: 1503 daAuts
     D:2: 1023 daAuts
